 Dungeon Crawl Stone Soup version 0.27-a0-1325-g58a489ad9e (webtiles) character file.

Game seed: 11620894540161917757

16547 kae the Severer (level 12, -7/112 HPs)
             Began as a Hill Orc Fighter on June 24, 2021.
             Was a Priest of Qazlal.
             Killed from afar by a tengu reaver (12 damage)
             ... with a bolt of poison
             ... on level 12 of the Dungeon.
             The game lasted 00:07:45 (14607 turns).

kae the Severer (Hill Orc Fighter)                 Turns: 14607, Time: 00:07:45

Health: -7/112     AC: 23    Str: 24    XL:     12   Next: 38%
Magic:  17/17      EV:  5    Int:  8    God:    Qazlal [***...]
Gold:   700        SH: 14    Dex: 10    Spells: 11/11 levels left

rFire    . . .     SeeInvis +   b - +1 broad axe (elec)
rCold    . . .     Faith    .   c - +0 kite shield
rNeg     . . .     Spirit   .   z - +8 plate armour of a sewer {rPois}
rPois    +         Reflect  .   (no helmet)
rElec    .         Harm     .   o - +0 cloak
rCorr    .         Rampage  .   (no gloves)
Will     +....                  (no boots)
Stlth    ..........             C - amulet of the acrobat
HPRegen  0.28/turn              l - ring of willpower
MPRegen  0.15/turn              m - ring of see invisible

@: lethally poisoned (-7 -> -23)
A: no striking features
a: Renounce Religion, Upheaval, Elemental Force


You were on level 12 of the Dungeon.
You worshipped Qazlal.
Qazlal was most pleased with you.
You visited 2 branches of the dungeon, and saw 13 of its levels.

You collected 700 gold pieces.

Inventory:

Hand Weapons
 a - a +2 hand axe of flaming
 b - a +1 broad axe of electrocution (weapon)
 e - a +0 war axe
Missiles
 g - 3 atropa-tipped darts (quivered)
 y - a curare-tipped dart
Armour
 c - a +0 kite shield (worn)
 o - a +0 cloak (worn)
 z - the +8 plate armour of a sewer (worn) {rPois}
   (You found it on level 5 of the Dungeon)

   It protects you from poison.
Jewellery
 l - a ring of willpower (left hand)
 m - a ring of see invisible (right hand)
 C - an amulet of the acrobat (around neck)
 I - a ring of ice
 J - a ring of magical power
 K - a +4 ring of slaying
Wands
 B - a wand of paralysis (11)
 F - a wand of charming (9)
 G - a wand of flame (13)
 L - a wand of digging (5)
Scrolls
 k - 3 scrolls of enchant armour
 n - 4 scrolls of fear
 u - 3 scrolls of teleportation
 D - 2 scrolls of torment
 H - a scroll of fog {unknown}
 M - a scroll of magic mapping
Potions
 d - 2 potions of might
 f - 3 potions of brilliance
 h - a potion of resistance
 i - 2 potions of cancellation
 j - 2 potions of lignification {unknown}
 p - a potion of ambrosia {unknown}
 q - 3 potions of mutation {unknown}
 r - 4 potions of heal wounds {unknown}
 s - 2 potions of invisibility {unknown}
 t - a potion of degeneration {unknown}
 v - 4 potions of curing
 w - a potion of haste {unknown}
 x - 2 potions of attraction
 A - a potion of flight
 E - a potion of magic {unknown}


   Skills:
 + Level 12.2 Fighting
 * Level 17.3 Axes
 + Level 9.6 Armour
 - Level 3.2 Shields
 + Level 7.0 Invocations


You had 11 spell levels left.
You didn't know any spells.
Your spell library contained the following spells:

 Spells                   Type           Power      Damage    Failure   Level
 Animate Skeleton         Necr           0%         N/A       100%        1
 Apportation              Tloc           0%         N/A       100%        1
 Beastly Appendage        Tmut           0%         N/A       100%        1
 Corona                   Hex            0%         N/A       100%        1
 Foxfire                  Conj/Fire      0%         2x1d4     100%        1
 Summon Small Mammal      Summ           0%         N/A       100%        1
 Wereblood                Tmut           0%         N/A       100%        2
 Conjure Flame            Conj/Fire      0%         6-21      100%        3
 Inner Flame              Hex/Fire       0%         N/A       100%        3
 Spider Form              Tmut/Pois      0%         N/A       100%        3
 Ice Form                 Ice/Tmut       0%         N/A       100%        4
 Sticky Flame             Conj/Fire      0%         2d3       100%        4
 Fireball                 Conj/Fire      0%         3d3       100%        5


Dungeon Overview and Level Annotations

Branches:
Dungeon (12/15)            Temple (1/1) D:5            Lair (0/6) D:9
    Orc (0/2) D:9

Altars:
Ashenzari
Cheibriados
Dithmenos
Elyvilon
Fedhas
Gozag
Hepliaklqana
Kikubaaqudgha
Makhleb
Nemelex Xobeh
Okawaru
Qazlal
Ru
Sif Muna
Trog
Uskayaw
Vehumet
Wu Jian
Xom
Yredelemnul
Zin
The Shining One

Shops:
D:4 (


Message History

The tengu reaver blocks your attack.
The tengu reaver is lightly wounded.
The tengu reaver hits you with a +0 broad axe!
The tengu reaver pecks you but does no damage.
You block the tengu reaver's attack.
You hit the tengu reaver.
The tengu reaver is lightly wounded.
You block the tengu reaver's attack. x3
You miss the tengu reaver.
The tengu reaver is lightly wounded.
The tengu reaver hits you with a +0 broad axe!
The tengu reaver pecks you but does no damage.
The tengu reaver claws you but does no damage.
You hit the tengu reaver.
Lightning courses through the tengu reaver!!
The tengu reaver is moderately wounded.
You block the tengu reaver's attack.
The tengu reaver pecks you but does no damage.
The tengu reaver claws you but does no damage.
The tengu reaver blocks your attack.
The tengu reaver is moderately wounded.
The tengu reaver hits you with a +0 broad axe.
You block the tengu reaver's attack. x2
You slice the tengu reaver!!
The tengu reaver is heavily wounded.
You block the tengu reaver's attack. The tengu reaver pecks you.
You block the tengu reaver's attack.
You miss the tengu reaver.
The tengu reaver is heavily wounded.
The tengu reaver gestures at you while chanting.
The bolt of fire hits you!!
* * * LOW HITPOINT WARNING * * *
You hit the tengu reaver but do no damage.
Lightning courses through the tengu reaver!!
The tengu reaver is severely wounded.
The tengu reaver casts a spell at you. The bolt of poison hits you!
You are lethally poisoned!
You resist.
You die...

#..###.#.# #.# #..#
#.#.###.#
#..###.#.....###
###+
#..##...######..
..... #..##...###
#.# #...#
#.........# #.#
##...###..(......#
#.#
.#....☼.#.........#
#.#
......Q@'.###...#.#
#.# ...$.#°☼#.#
#...#.# #.# #..
##.#.# #.###.# #.#
# ..#.# #.# #.#
..##.###.## #.# ###
#.##...##.# #>.
#.........# ###
#.....#.###
#.#.###.########


You could see a tengu reaver.

Vanquished Creatures
  Fannar (D:12)
  A hydra (D:12)
  A death knight (D:12)
  2 two-headed ogres
  Pikel (D:4)
  A cyclops (D:12)
  3 manticores
  Maggie (D:9)
  A gargoyle (D:11)
  An unseen horror (D:12)
  A queen bee (D:11)
  4 trolls
  8 slime creatures (D:12)
  A vampire (D:12)
  3 wyverns
  A wraith (D:9)
  6 vampire mosquitoes
  A warg (D:9)
  A hornet zombie (D:8)
  9 orc warriors
  An ice beast (D:7)
  2 sky beasts
  2 ogres
  A necrophage (D:7)
  6 centaurs
  2 phantoms
  2 kobold brigands
  2 bullfrogs
  A wyvern zombie (D:6)
  A gnoll sergeant (D:7)
  3 scorpions
  23 killer bees
  4 wights (D:9)
  5 howler monkeys
  2 lava snakes (D:11)
  5 centaur zombies
  6 hounds
  A bullfrog zombie (D:6)
  2 orc priests
  A gnoll shaman (D:5)
  5 iguanas
  11 orc wizards
  A killer bee zombie (D:5)
  A howler monkey zombie (D:7)
  9 adders
  15 gnolls
  2 shadow imps
  An ufetubus (D:4)
  A worm (D:2)
  A dart slug (D:2)
  47 orcs
  6 endoplasms
  3 giant cockroaches
  4 goblins
  7 hobgoblins
  6 jackals
  20 kobolds
  7 quokkas
  5 ball pythons
  5 bats
  5 frilled lizards (D:2)
  2 rats (D:2)
284 creatures vanquished.

Vanquished Creatures (others)
  A kobold (D:9)
  11 plants
12 creatures vanquished.

Grand Total: 296 creatures vanquished

Notes
Turn   | Place    | Note
-------+----------+-------------------------------------------
     0 | D:1      | kae the Hill Orc Fighter began the quest for the Orb.
     0 | D:1      | Reached XP level 1. HP: 19/19 MP: 1/1
    31 | D:1      | Reached skill level 3 in Axes
    80 | D:1      | Reached XP level 2. HP: 24/27 MP: 2/2
   246 | D:1      | Reached skill level 4 in Axes
   246 | D:1      | Reached XP level 3. HP: 30/33 MP: 3/3
  1085 | D:2      | Reached XP level 4. HP: 41/41 MP: 4/4
  1197 | D:2      | Reached skill level 5 in Axes
  2209 | D:3      | Found a shimmering altar of Xom.
  2257 | D:3      | Found a burning altar of Makhleb.
  2258 | D:3      | Found a blossoming altar of Fedhas.
  2258 | D:3      | Found a sacrificial altar of Ru.
  2262 | D:3      | Found a hazy altar of Hepliaklqana.
  2380 | D:3      | Reached XP level 5. HP: 41/47 MP: 5/5
  3072 | D:3      | Reached skill level 5 in Fighting
  3072 | D:3      | Reached skill level 6 in Axes
  3116 | D:3      | Found a hazy altar of Hepliaklqana.
  3116 | D:3      | Found a sacrificial altar of Ru.
  3117 | D:3      | Found a blossoming altar of Fedhas.
  3125 | D:3      | Found a burning altar of Makhleb.
  3541 | D:3      | Found a shimmering altar of Xom.
  3838 | D:4      | Identified the +4 plate armour of Duck's Teeth {rPois}
  3974 | D:4      | Reached XP level 6. HP: 51/56 MP: 6/6
  4109 | D:4      | Noticed Pikel
  4179 | D:4      | Killed Pikel
  4180 | D:4      | Reached skill level 9 in Axes
  4180 | D:4      | Reached XP level 7. HP: 25/64 MP: 7/7
  4562 | D:4      | Found Orhasme's Antique Weapon Shop.
  4591 | D:4      | Found a broken altar of Ashenzari.
  4803 | D:4      | Identified a scroll of acquirement
  4803 | D:4      | Acquired a +1 broad axe of electrocution
  4834 | D:5      | Entered Level 5 of the Dungeon
  5025 | D:5      | Reached XP level 8. HP: 71/73 MP: 8/8
  5196 | D:5      | Found a staircase to the Ecumenical Temple.
  5404 | D:5      | Reached skill level 10 in Axes
  5635 | D:5      | Identified the +8 plate armour of a sewer {rPois}
  6227 | D:6      | Noticed a +0 hand axe
  6227 | D:6      | Noticed a +0 hand axe
  6245 | D:6      | Found a hide-covered altar of Uskayaw.
  6261 | D:6      | Reached skill level 11 in Axes
  6670 | D:6      | Found an iron altar of Okawaru.
  6705 | D:6      | Found a radiant altar of Vehumet.
  6706 | D:6      | Found an ornate altar of the Wu Jian Council.
  6706 | D:6      | Found a glowing silver altar of Zin.
  6716 | D:6      | Reached XP level 9. HP: 72/81 MP: 9/9
  6754 | D:6      | Found a shadowy altar of Dithmenos.
  6755 | D:6      | Found a white marble altar of Elyvilon.
  6884 | Temple   | Entered the Ecumenical Temple
  6933 | Temple   | Became a worshipper of Qazlal Stormbringer
  7253 | D:7      | Reached skill level 12 in Axes
  7582 | D:7      | Reached * piety under Qazlal
  7674 | D:7      | Reached skill level 5 in Armour
  8165 | D:8      | Reached skill level 13 in Axes
  8960 | D:9      | Found a staircase to the Lair.
  9124 | D:9      | Noticed a two-headed ogre
  9133 | D:9      | Killed a two-headed ogre
  9134 | D:9      | Reached XP level 10. HP: 46/93 MP: 10/10
  9466 | D:9      | Reached skill level 10 in Fighting
  9470 | D:9      | Reached skill level 14 in Axes
  9492 | D:9      | Noticed Maggie
  9504 | D:9      | Reached ** piety under Qazlal
  9507 | D:9      | Killed Maggie
 10010 | D:9      | Found a staircase to the Orcish Mines.
 10283 | D:10     | Entered Level 10 of the Dungeon
 10607 | D:10     | Reached skill level 15 in Axes
 10640 | D:10     | Reached skill level 1 in Invocations
 10979 | D:10     | Reached XP level 11. HP: 101/101 MP: 12/12
 11264 | D:10     | Noticed a manticore
 11270 | D:10     | Killed a manticore
 11310 | D:10     | Noticed a two-headed ogre
 11321 | D:10     | Killed a two-headed ogre
 12250 | D:11     | Reached skill level 16 in Axes
 12323 | D:11     | Reached *** piety under Qazlal
 13150 | D:12     | Reached skill level 5 in Invocations
 13188 | D:12     | Noticed a cyclops
 13191 | D:12     | Killed a cyclops
 13192 | D:12     | Noticed a manticore
 13200 | D:12     | Killed a manticore
 13320 | D:12     | Reached **** piety under Qazlal
 13388 | D:12     | Noticed a manticore
 13394 | D:12     | Reached XP level 12. HP: 53/112 MP: 16/16
 13405 | D:12     | Noticed a seven-headed hydra
 13695 | D:12     | Killed a one-headed hydra
 13935 | D:12     | Noticed Fannar
 13944 | D:12     | Killed Fannar
 13945 | D:12     | Reached skill level 17 in Axes
 14173 | D:12     | Noticed a death knight
 14192 | D:12     | Killed a death knight
 14592 | D:12     | Noticed a tengu reaver
 14606 | D:12     | HP: 5/112 [tengu reaver/bolt of fire (32)]
 14607 | D:12     | Killed from afar by a tengu reaver

Illustrated notes

Levels and vault maps discovered:
D:1:      psy_arrival_whirlpool, layout_loops_ring, dk_noncrumbling_3
D:2:      layout_basic, chequers_big_river, minmay_misc_feat_square,
          roderic_malta_cross, minivault_14
D:3:      layout_basic, grunt_temple_overflow_open, xom_teletrap_fun,
          supply_closet_lemuel
D:4:      layout_cave_pods, cheibrodos_ashenzari_chains, serial_shops, shop,
          uniq_pikel
D:5:      layout_cave_pools, minmay_temple_entry_fiery, dk_vineyard_1,
          hangedman_decor_lopped, serial_bayou_lagoon_a, minmay_misc_feat_roman,
          minmay_misc_feat_doors, serial_bayou_lake_a
D:6:      layout_gridville, dancing_weapons_uskayaw, minitemple,
          skrybe_limestone_x
D:7:      layout_loops_ring
D:8:      layout_loops_corners
D:9:      layout_cave_pools, lair_entry_dummy, david_orc_1_choice,
          minmay_misc_feat_tiny, uniq_maggie
D:10:     layout_loops_ring, small_statue_alley_b, nrook_mini_vaults
D:11:     layout_irregular_city, hangedman_glass_teeth, kennysheep_donut,
          nicolae_looking_at_the_future
D:12:     minmay_the_grid_4x2 [minmay_the_grid_box_x,
          minmay_the_grid_zigzag_pyramid, minmay_the_grid_minigrid_small_alt,
          minmay_the_grid_paths, minmay_the_grid_eight,
          minmay_the_grid_large_cup, minmay_the_grid_diamond_grid,
          minmay_the_grid_prize_four_corners_diamond_a], layout_loops_ring,
          gauntlet_entry_generic, uniq_fannar
Temple:   jpeg_temple_island

Skill      XL: |  1  2  3  4  5  6  7  8  9 10 11 12 |
---------------+-------------------------------------+-----
Axes           | 3 4 5 6 9 11 13 15 16 17 | 17.3
Fighting       | 4 5 6 7 8 9 10 11 12 | 12.2
Armour         | 4 6 7 9 |  9.6
Invocations    | 2 5 7 |  7.0
Shields        | |  3.2

Action                   |  1- 3 |  4- 6 |  7- 9 | 10-12 || total
-------------------------+-------+-------+-------+-------++-------
Melee: War axe           |    39 |       |       |       ||    39
       Hand axe          |    47 |   148 |     6 |     6 ||   207
       Broad axe         |       |       |   257 |   316 ||   573
Invok: Upheaval          |       |       |       |     3 ||     3
  Use: Scroll            |     1 |     3 |     9 |     7 ||    20
Armor: Scale mail        |    35 |    31 |       |       ||    66
       Plate armour      |       |    19 |   170 |   220 ||   409
Dodge: Dodged            |    29 |    32 |    40 |    59 ||   160
Block: Kite shield       |    57 |    49 |   129 |   233 ||   468

Table legend: (Time is in decaauts)
 A = Elapsed time spent in this place.
 B = Non-inter-level travel time spent in this place.
 C = Inter-level travel time spent in this place.
 D = Time resting spent in this place.
 E = Time spent auto-exploring this place.
 F = Levels seen in this place.
 G = Mean time per level.
                   A        B        C        D        E       F      G
               +--------+--------+--------+--------+--------+-----+--------+
         Total |  14847 |  14371 |    476 |    648 |  11866 |  13 | 1142.1 |
       Dungeon |  14759 |  14322 |    437 |    648 |  11823 |  12 | 1229.9 |
        Temple |     88 |     50 |     38 |      0 |     43 |   1 |   88.0 |
               +--------+--------+--------+--------+--------+-----+--------+

Top non-repeatable levels by time:
     D:9: 1627 daAuts
    D:10: 1474 daAuts
     D:2: 1467 daAuts
    D:12: 1437 daAuts
     D:3: 1403 daAuts
     D:5: 1206 daAuts
    D:11: 1157 daAuts
     D:4: 1126 daAuts
     D:8: 1085 daAuts
     D:1: 1024 daAuts
     D:6: 937 daAuts
     D:7: 811 daAuts
  Temple: 88 daAuts
